 Dungeon Sprint DCSS version bcrawl-1.18 (webtiles) character file.

Game seed: 17932325093790342102

100480 Freyura the Impregnable (level 16, 0/121 HPs)
             Began as a Gargoyle Fighter on Nov 3, 2019.
             Was the Champion of Qazlal.
             Slain by a reaper
             ... wielding a +0 scythe of pain
             ... summoned by a mummy priest's death curse
              (2 damage)
             ... in the Dungeon (Sprint V: "Ziggurat Sprint").
             The game lasted 00:26:53 (2073 turns).

Freyura the Impregnable (Gargoyle Fighter)          Turns: 2073, Time: 00:26:54

Health: 0/121      AC: 59    Str: 32    XL:     16   Next: 27%
Magic:  13/30      EV: 19    Int: 11    God:    Qazlal [******]
Gold:   0          SH: 21    Dex: 20    Spells: 15/15 levels left

rFire    + . .     SeeInvis .   Q - +10 morningstar of Inconvenience {protect, rF+ rC++ Str+6}
rCold    + + .     Gourm    .   P - +3 warlock's mirror {reflect}
rNeg     + . .     Faith    .   W - +9 crystal plate armour
rPois    ∞         Spirit   .   (no helmet)
rElec    +         Reflect  +   G - +1 cloak
rCorr    .         Harm     .   (no gloves)
MR       ++...     NoTele   +   (no boots)
Stlth    ..........             o - amulet "Xetic" {RegenMP Str+6}
HPRegen  0.30/turn              y - +6 ring of dexterity
MPRegen  0.47/turn              M - ring of protection from magic

@: protection aura, studying Poison Magic, repel missiles
A: big wings, negative energy resistance 1, electricity resistance, unbreathing,
petrification resistance, rot immunity, AC +12
a: Fly, Upheaval, Elemental Force, Disaster Area, Renounce Religion


You were in the Dungeon.
You worshipped Qazlal.
Qazlal was exalted by your worship.
You were not hungry.

You visited 1 branch

Inventory:

Hand Weapons
 Q - the +10 morningstar of Inconvenience (weapon) {protect, rF+ rC++ Str+6}
   (You found it in the Dungeon)

   It grants its wielder temporary protection when it strikes (+7 to AC).
   It affects your strength (+6).
   It protects you from fire.
   It greatly protects you from cold.
Armour
 G - a +1 cloak (worn)
 P - the +3 warlock's mirror (worn) {reflect}
   (You found it in the Dungeon)
 V - a +3 large shield
 W - a +9 crystal plate armour (worn)
Jewellery
 o - the amulet "Xetic" (around neck) {RegenMP Str+6}
   (You found it in the Dungeon)

   [amulet of magic regeneration]

   It increases your magic regeneration.
   It affects your strength (+6).
 y - a +6 ring of dexterity (left hand)
 H - the ring "Ceukhixe" {rPois MR+}
   (You found it in the Dungeon)

   [ring of protection from magic]

   It protects you from poison.
   It affects your resistance to hostile enchantments.
 M - a ring of protection from magic (right hand)
Wands
 v - a wand of disintegration (7)
 w - a wand of iceblast (5)
 x - a wand of acid (7)
Scrolls
 a - 4 scrolls of brand weapon
 k - 4 scrolls of blinking
 q - 4 scrolls of amnesia
 r - 7 scrolls of fog
 s - 5 scrolls of identify
 t - 5 scrolls of remove curse
 u - 2 scrolls of fear
Potions
 d - 6 potions of might
 e - 10 potions of curing
 g - 6 potions of heal wounds
 h - 6 potions of haste
 i - 7 potions of magic
 j - 3 potions of berserk rage
 l - 2 potions of brilliance
 m - 2 potions of invisibility
 n - 4 potions of resistance
 p - 6 potions of agility
Books
 N - a manual of Poison Magic
Miscellaneous
 b - a lamp of fire
 E - a lightning rod (4/4)
 Z - a phial of floods
Comestibles
 f - 6 rations {!d}


   Skills:
 + Level 21.4 Fighting
 - Level 14.0 Maces & Flails
 + Level 22.6 Armour
 + Level 17.1 Dodging
 + Level 21.4 Shields
 + Level 21.2 Invocations


You had 15 spell levels left.
You didn't know any spells.
Your spell library contained the following spells:

 Spells                   Type           Power        Failure   Level  Hunger
 Corona                   Hex            #......      94%         1    ##.....
 Flame Tongue             Conj/Fire      #....        94%         1    ##.....
 Sting                    Conj/Pois      #...         94%         1    ##.....
 Summon Small Mammal      Summ           #...         94%         1    ##.....
 Shackle                  Hex            #.......     98%         2    ###....
 Swiftness                Chrm/Air       #.......     98%         2    ###....
 Call Canine Familiar     Summ           #.......     100%        3    ####...
 Recall                   Summ/Tloc      N/A          100%        3    ####...
 Regeneration             Chrm/Necr      #.........   100%        3    ####...
 Spectral Weapon          Hex/Chrm       #.......     100%        3    ####...
 Animate Dead             Necr           N/A          100%        4    #####..
 Cause Fear               Hex            #.........   100%        4    #####..
 Force Lance              Tloc           #.......     100%        4    #####..
 Aura of Abjuration       Summ           #.........   100%        5    ######.
 Fireball                 Conj/Fire      #.........   100%        5    ######.
 Summon Forest            Summ/Tloc      #.........   100%        5    ######.
 Venom Bolt               Conj/Pois      #.........   100%        5    ######.
 Discord                  Hex            #.........   100%        8    #######
 Time Stop                Chrm/Tloc      N/A          100%        8    #######


Dungeon Overview and Level Annotations

Branches:
Dungeon (1/1)

Altars:
Ashenzari
Cheibriados
Dithmenos
Elyvilon
Fedhas
Gozag
Hepliaklqana
Kikubaaqudgha
Lugonu
Makhleb
Nemelex Xobeh
Okawaru
Qazlal
Ru
Sif Muna
Trog
Uskayaw
Vehumet
Wu Jian
Xom
Yredelemnul
Zin
The Shining One
Beogh
Jiyva


Innate Abilities, Weirdness & Mutations

You are resistant to torment.
Your stone body is resilient. (AC +12)
You are immune to poison.
Your large and strong wings let you fly indefinitely.
You resist negative energy. (rN+)
You are resistant to electric shocks. (rElec)
You can survive without breathing.
You are immune to petrification.
You are immune to rotting.


Message History

The emperor scorpion disappears in a puff of smoke! x2
Your Dodging skill increases to level 17!
The blast of magma engulfs the shadow.
You destroy the shadow!
The greater mummy is engulfed in blazing flames.
The greater mummy gestures wildly while chanting.
The soul eater barely misses you.
Unknown command.
You closely miss the soul eater.
The soul eater is heavily wounded.
The mana viper disappears in a puff of smoke! x2
The greater mummy is engulfed in blazing flames.
The greater mummy mumbles some strange words.
You block the soul eater's attack. The mana viper misses you.
You hit the soul eater but do no damage.
The soul eater is heavily wounded.
The reaper hits you from afar with a +0 scythe of pain!
* * * LOW HITPOINT WARNING * * *
You writhe in agony.
You die...

▓..))).).)..
....))|≈..§..▓....))..[..
...§..).≈≈≈≈.▓......))...
......"|).≈§.▓...........
...≈.[§ZW≈≈≈..▓..▓.......▓
....≈§.§S≈≈≈§.▓.▓.▓.....▓.
....≈§≈2Mzn§..▓..▓.......▓
..§§.≈W§3S°..▓..........≈
▓.§§.W3@▓ ▓......©..≈. .
▓▓§§.○☼▓▓ .▓▓▓▓▓▓▓▓▓▓▓▓
...▓.§.°≈..▓...▓..)..8©8...
...§...≈≈..≈...▓..|)|=[.}).
...§≈≈.©≈≈..≈..▓...[.[."=..
▓▓▓▓▓▓▓▓▓▓▓▓▓▓▓▓...:..|....
▓........... ▓...........
▓...........


You could see a greater mummy, a reaper, 2 soul eaters, 2 mana vipers, 2
freezing wraiths, a necrophage, a shadow, a wight and a quokka simulacrum.

Vanquished Creatures
  A greater mummy (D)
  A bone dragon (D)
  2 titans (D)
  A tentacled starspawn (D)
  2 storm dragons (D)
  2 draconian knights (D)
  An orc warlord (D)
  3 draconian monks (D)
  A draconian stormcaller (D)
  2 reapers (D)
  7 black draconians (D)
  9 yellow draconians (D)
  12 white draconians (D)
  8 red draconians (D)
  2 green draconians (D)
  9 purple draconians (D)
  A green death (D)
  4 mummy priests (D)
  A hydra (D)
  6 vault guards (D)
  A spriggan air mage (D)
  An ogre mage (D)
  2 death scarabs (D)
  A two-headed ogre (D)
  A death yak (D)
  2 orc high priests (D)
  A deep elf knight (D)
  3 toenail golems (D)
  2 necromancers (D)
  An orc sorcerer (D)
  3 deep elf magi (D)
  An elephant (D)
  A moth of wrath (D)
  A black mamba (D)
  3 rust devils (D)
  A torpor snail (D)
  2 rime drakes (D)
  3 komodo dragons (D)
  6 guardian mummies (D)
  A freezing wraith (D)
  2 tormentors (D)
  2 ice devils (D)
  An ancient zyme (D)
  5 merfolk (D)
  3 wind drakes (D)
  2 hornets (D)
  A raiju (D)
  A hippogriff (D)
  A blink frog (D)
  2 flying skulls (D)
  6 spriggans (D)
  2 wraiths (D)
  A vampire (D)
  3 air elementals (D)
  4 starcursed masses (D)
  A ynoxinul (D)
  3 shadows (D)
  A wyvern (D)
  A neqoxec (D)
  A fire bat (shapeshifter) (D)
  A hungry ghost (D)
  An insubstantial wisp (D)
  A naga (shapeshifter) (D)
  A water moccasin (D)
  2 large abominations (D)
  4 ice beasts (D)
  3 orc warriors (D)
  3 black bears (D)
  4 wolves (D)
  An ogre (D)
  3 centaurs (D)
  2 crocodiles (D)
  3 small abominations (D)
  An earth elemental (D)
  A scorpion (shapeshifter) (D)
  3 wights (D)
  A quasit (D)
  An orc wizard (D)
  2 iron imps (D)
  6 mummies (D)
  4 shadow imps (D)
  4 white imps (D)
  An ufetubus (D)
  3 bat skeletons (D)
  A ball python zombie (D)
  2 giant cockroach simulacra (D)
  A giant cockroach zombie (D)
  A jackal skeleton (D)
  A leopard gecko skeleton (D)
  A leopard gecko zombie (D)
  2 starspawn tentacles (D)
220 creatures vanquished.

Vanquished Creatures (others)
  Urug (D)
  Maurice (D)
  Joseph (D)
  Prince Ribbit (D)
  Menkaure (D)
5 creatures vanquished.

Grand Total: 225 creatures vanquished

Notes
Turn   | Place    | Note
-------+----------+-------------------------------------------
     0 | D        | Freyura the Gargoyle Fighter began the quest for the Orb.
     0 | D        | Reached XP level 1. HP: 14/14 MP: 1/1
     0 | D        | Found a shimmering blue altar of Sif Muna.
     0 | D        | Found a bloodstained altar of Trog.
     0 | D        | Found a sacrificial altar of Ru.
     0 | D        | Found a stormy altar of Qazlal.
     0 | D        | Found an iron altar of Okawaru.
     1 | D        | Found a sparkling altar of Nemelex Xobeh.
     1 | D        | Found a blossoming altar of Fedhas.
     2 | D        | Found the +6 Majin-Bo {vamp, *Drain Str+12 Int+24}
     2 | D        | Found the +7 great mace "Firestarter" {inner flame, rF++}
     3 | D        | Found a transporter.
     3 | D        | Found an ancient bone altar of Kikubaaqudgha.
     3 | D        | Found a viscous altar of Jiyva.
     3 | D        | Found a corrupted altar of Lugonu.
     3 | D        | Found a hazy altar of Hepliaklqana.
     3 | D        | Found a burning altar of Makhleb.
     3 | D        | Found an opulent altar of Gozag.
    23 | D        | Found the +6 shillelagh "Devastator" {shatter}
    23 | D        | Found the +11 plutonium sword {*Contam Stlth-}
    23 | D        | Found the +8 lance "Wyrmbane" {slay drac, rPois rF+ rC+
                  | AC+3}
    23 | D        | Found the +9 sword of Zonguldrok {reap}
    23 | D        | Found the cursed +13 scythe of Curses {drain, *Curse}
    23 | D        | Found the +0 sword of Power
    23 | D        | Found the +7 mace of Variability {chain chaos}
    23 | D        | Found the +7 Singing Sword {slice, sonic wave}
    23 | D        | Found the +7 longbow "Piercer" {penet, EV-2}
    27 | D        | Found the +9 heavy crossbow "Sniper" {velocity, Acc+∞ SInv}
    27 | D        | Found the +10 dark maul {crush}
    27 | D        | Found the +15 Maxwell's patent armour {-Cast -Tele rElec
                  | MR+ rCorr}
    27 | D        | Found the +18 shield of the Gong {rElec rN+ MR+ EV-5}
    27 | D        | Found the cursed +14 obsidian axe {chop, +Fly SInv *Curse}
    79 | D        | Became a worshipper of Qazlal Stormbringer
   108 | D        | Reached skill level 4 in Armour
   108 | D        | Reached XP level 2. HP: 20/20 MP: 1/4
   117 | D        | Entered arena 2.
   117 | D        | Noticed a scorpion
   117 | D        | Noticed a naga
   117 | D        | Found a transporter.
   120 | D        | Killed a scorpion
   120 | D        | Reached skill level 5 in Fighting
   120 | D        | Reached skill level 5 in Armour
   120 | D        | Reached skill level 5 in Shields
   120 | D        | Reached XP level 3. HP: 26/26 MP: 2/5
   120 | D        | Reached XP level 4. HP: 31/31 MP: 2/6
   122 | D        | Killed a naga
   122 | D        | Reached skill level 5 in Maces & Flails
   122 | D        | Reached skill level 6 in Armour
   122 | D        | Reached skill level 5 in Invocations
   122 | D        | Reached XP level 5. HP: 36/36 MP: 2/8
   128 | D        | Entered arena 3.
   128 | D        | Noticed a toenail golem
   128 | D        | Noticed a toenail golem
   128 | D        | Noticed a toenail golem
   128 | D        | Found a transporter.
   135 | D        | Killed a toenail golem
   135 | D        | Reached * piety under Qazlal
   135 | D        | Reached skill level 7 in Armour
   135 | D        | Reached skill level 5 in Dodging
   135 | D        | Reached XP level 6. HP: 40/44 MP: 3/11
   135 | D        | Reached XP level 7. HP: 44/48 MP: 3/12
   138 | D        | Killed a toenail golem
   138 | D        | Reached skill level 8 in Armour
   138 | D        | Reached XP level 8. HP: 45/55 MP: 4/13
   143 | D        | Killed a toenail golem
   143 | D        | Reached skill level 9 in Armour
   201 | D        | Entered arena 4.
   201 | D        | Found a transporter.
   203 | D        | Reached ** piety under Qazlal
   209 | D        | Killed Maurice
   217 | D        | Entered arena 5.
   217 | D        | Noticed a deep elf mage
   217 | D        | Noticed a deep elf mage
   217 | D        | Noticed a deep elf knight
   217 | D        | Found a transporter.
   218 | D        | Identified the +8 war axe of Ru's Generosity {chop, MR+
                  | Str-5 Dex+2}
   222 | D        | Reached *** piety under Qazlal
   225 | D        | Killed a deep elf mage
   225 | D        | Reached XP level 9. HP: 49/62 MP: 15/15
   225 | D        | Killed a deep elf knight
   225 | D        | Reached skill level 10 in Fighting
   225 | D        | Reached skill level 10 in Armour
   225 | D        | Reached skill level 10 in Shields
   226 | D        | Killed a deep elf mage
   226 | D        | Reached **** piety under Qazlal
   226 | D        | Reached skill level 10 in Invocations
   232 | D        | Got the amulet "Xetic" {RegenMP Str+6}
   300 | D        | Entered arena 6.
   300 | D        | Found a transporter.
   315 | D        | Entered arena 7.
   315 | D        | Noticed a rime drake
   315 | D        | Noticed a freezing wraith
   315 | D        | Noticed an ice devil
   316 | D        | Found a transporter.
   318 | D        | Reached ***** piety under Qazlal
   321 | D        | Killed an ice devil
   321 | D        | Reached XP level 10. HP: 37/68 MP: 17/17
   324 | D        | Reached skill level 11 in Armour
   337 | D        | Reached skill level 10 in Maces & Flails
   347 | D        | Got the ring of Ascent {rPois MP+9 SInv}
   349 | D        | Got the +10 dagger "Toomiphe" {pain, rElec MP+9}
   353 | D        | Got the +6 shortbow of Gabunwat {flame, rElec Int+4}
   488 | D        | Entered arena 8.
   489 | D        | Found a transporter.
   496 | D        | Reached ****** piety under Qazlal
   511 | D        | Got the Disquisition on Malediction and Heat
   513 | D        | Entered arena 9.
   513 | D        | Noticed a spriggan rider
   513 | D        | Noticed a spriggan rider
   514 | D        | Found a transporter.
   527 | D        | Killed a spriggan rider
   527 | D        | Reached skill level 12 in Armour
   529 | D        | Killed a spriggan rider
   529 | D        | Reached XP level 11. HP: 70/76 MP: 19/19
   542 | D        | Got the +5 plate armour of Lixoufie {*Contam rF+ rCorr
                  | Dex+5}
   546 | D        | Entered arena 10.
   546 | D        | Noticed a vault guard
   546 | D        | Noticed a deep elf mage
   546 | D        | Noticed a vault guard
   546 | D        | Noticed a vault guard
   546 | D        | Noticed an ogre mage
   546 | D        | Noticed a vault guard
   546 | D        | Noticed a vault guard
   546 | D        | Noticed a vault guard
   547 | D        | Killed a vault guard
   547 | D        | Reached skill level 13 in Armour
   548 | D        | Killed a deep elf mage
   549 | D        | Found a transporter.
   552 | D        | Killed a vault guard
   553 | D        | Killed an ogre mage
   558 | D        | Killed a vault guard
   558 | D        | Reached skill level 14 in Armour
   558 | D        | Killed a vault guard
   561 | D        | Killed a vault guard
   561 | D        | Reached skill level 10 in Dodging
   562 | D        | Killed a vault guard
   594 | D        | Killed Prince Ribbit
   784 | D        | Entered arena 11.
   785 | D        | Found a transporter.
   793 | D        | Reached skill level 15 in Armour
   798 | D        | Reached XP level 12. HP: 80/84 MP: 21/21
   822 | D        | Got Sif Muna's Compendium of Displacement and Evil Secrets
   825 | D        | Entered arena 12.
   826 | D        | Identified the cursed +1 mace of the End {venom, MR- Int+7
                  | Dex-3}
   826 | D        | Identified the +4 hand crossbow of Avutio {flame, rC+ Str+4
                  | Stlth+}
   838 | D        | Found a transporter.
   846 | D        | Got the +10 morningstar of Inconvenience {protect, rF+ rC++
                  | Str+6}
   954 | D        | Entered arena 13.
   954 | D        | Noticed an orc high priest
   954 | D        | Noticed an orc warlord
   954 | D        | Noticed an orc high priest
   954 | D        | Noticed a two-headed ogre
   955 | D        | Identified the +3 leather armour of Neociqoi {Str+6 Int+7}
   955 | D        | Identified the +4 ring mail of Miracles {rPois rF+++ Int-2
                  | Dex+7 Slay-2}
   956 | D        | Found a transporter.
   957 | D        | Killed an orc high priest
   957 | D        | Reached skill level 16 in Armour
   958 | D        | Killed a two-headed ogre
   958 | D        | Killed an orc high priest
   967 | D        | Killed an orc warlord
  1018 | D        | Killed Menkaure
  1031 | D        | Killed Joseph
  1104 | D        | Got the cursed +1 double sword of the Wolf {antimagic, +Inv
                  | rN+ MR+}
  1132 | D        | Entered arena 14.
  1132 | D        | Noticed a storm dragon
  1133 | D        | Noticed a titan
  1133 | D        | Noticed a titan
  1133 | D        | Noticed a spriggan air mage
  1134 | D        | Noticed a storm dragon
  1135 | D        | Killed a spriggan air mage
  1137 | D        | Killed a titan
  1137 | D        | Reached XP level 13. HP: 31/91 MP: 15/23
  1140 | D        | Killed a storm dragon
  1140 | D        | Reached skill level 15 in Fighting
  1140 | D        | Reached skill level 17 in Armour
  1140 | D        | Reached skill level 15 in Shields
  1140 | D        | Killed a titan
  1140 | D        | Reached skill level 15 in Invocations
  1142 | D        | Killed a storm dragon
  1143 | D        | Found a transporter.
  1152 | D        | Killed Urug
  1304 | D        | Got The Papyrus of Greatest Risks and Utility
  1307 | D        | Got the ring "Dem Omi" {rElec rF+}
  1312 | D        | Got the Disquisition on Toxic Hexes
  1334 | D        | Entered arena 15.
  1334 | D        | Noticed a white draconian
  1334 | D        | Noticed a black draconian stormcaller
  1334 | D        | Noticed a yellow draconian monk
  1334 | D        | Noticed a white draconian
  1335 | D        | Noticed a white draconian
  1335 | D        | Noticed a purple draconian
  1335 | D        | Noticed a white draconian
  1335 | D        | Noticed a red draconian
  1335 | D        | Noticed a black draconian
  1335 | D        | Noticed a green draconian knight
  1335 | D        | Identified the ring of the Camelopard {rF+ rC+}
  1335 | D        | Noticed a red draconian
  1335 | D        | Noticed a purple draconian
  1335 | D        | Identified the cursed ring of Loyjik {rC- rN+++ Str-2
                  | Int+7}
  1335 | D        | Noticed a yellow draconian
  1336 | D        | Killed a white draconian
  1337 | D        | Killed a black draconian
  1337 | D        | Killed a white draconian
  1337 | D        | Killed a black draconian stormcaller
  1337 | D        | Killed a white draconian
  1337 | D        | Killed a red draconian
  1337 | D        | Killed a purple draconian
  1337 | D        | Reached skill level 18 in Armour
  1337 | D        | Killed a white draconian
  1338 | D        | Killed a purple draconian
  1338 | D        | Killed a yellow draconian monk
  1338 | D        | Killed a yellow draconian
  1340 | D        | Found a transporter.
  1344 | D        | Killed a red draconian
  1359 | D        | Killed a green draconian knight
  1359 | D        | Gained mutation: Your large and strong wings let you fly
                  | indefinitely. [Gargoyle growth]
  1359 | D        | Reached XP level 14. HP: 55/100 MP: 12/26
  1517 | D        | Got the Papyrus of Summoning and Feathers
  1540 | D        | Entered arena 16.
  1624 | D        | Found a transporter.
  1630 | D        | Got the ring of Wisugank {rN+ MP+9 Int+3}
  1633 | D        | Got the +7 leather armour "Raleom Juse" {rPois}
  1639 | D        | Got the ring "Ceukhixe" {rPois MR+}
  1644 | D        | Entered arena 17.
  1646 | D        | Noticed a reaper
  1646 | D        | Noticed a reaper
  1647 | D        | Noticed a bone dragon
  1649 | D        | Reached skill level 19 in Armour
  1651 | D        | Killed a reaper
  1653 | D        | Killed a reaper
  1665 | D        | Killed a bone dragon
  1666 | D        | Found a transporter.
  1675 | D        | Got the +2 flail of Soipreiq {freeze, rPois rN+ Int-5}
  1758 | D        | Entered arena 18.
  1760 | D        | Noticed a red draconian
  1760 | D        | Noticed a yellow draconian
  1760 | D        | Noticed a yellow draconian
  1760 | D        | Noticed a red draconian
  1760 | D        | Noticed a red draconian knight
  1760 | D        | Noticed a purple draconian
  1760 | D        | Noticed a green draconian monk
  1760 | D        | Noticed a black draconian
  1761 | D        | Noticed a red draconian
  1761 | D        | Noticed a green draconian
  1761 | D        | Noticed a white draconian
  1761 | D        | Noticed a yellow draconian
  1761 | D        | Noticed a yellow draconian
  1761 | D        | Noticed a purple draconian
  1761 | D        | Identified the +8 flail "Lacertilianslayer" {venom, rElec
                  | rC+ Dex-3 SInv}
  1761 | D        | Noticed a red draconian
  1761 | D        | Noticed a white draconian
  1761 | D        | Noticed a yellow draconian monk
  1762 | D        | Found the +7 sceptre of Torment {pain, torment}
  1762 | D        | Noticed a yellow draconian
  1763 | D        | Found the +5 robe of Misfortune {Harm *Corrode *Slow EV+5}
  1763 | D        | Killed a yellow draconian
  1763 | D        | Killed a yellow draconian
  1763 | D        | Killed a white draconian
  1763 | D        | Killed a green draconian
  1763 | D        | Killed a yellow draconian
  1763 | D        | Killed a red draconian
  1763 | D        | Killed a black draconian
  1763 | D        | Killed a yellow draconian
  1763 | D        | Killed a yellow draconian monk
  1763 | D        | Reached skill level 20 in Armour
  1764 | D        | Killed a red draconian
  1764 | D        | Killed a purple draconian
  1764 | D        | Killed a red draconian
  1764 | D        | Killed a yellow draconian
  1764 | D        | Reached XP level 15. HP: 70/110 MP: 19/28
  1764 | D        | Killed a red draconian knight
  1764 | D        | Reached skill level 15 in Dodging
  1764 | D        | Killed a green draconian monk
  1765 | D        | Found a transporter.
  1887 | D        | Entered arena 19.
  1890 | D        | Noticed a tentacled starspawn
  1891 | D        | Found the +3 warlock's mirror {reflect}
  1893 | D        | Killed a tentacled starspawn
  1904 | D        | Found a transporter.
  1957 | D        | Entered arena 20.
  1962 | D        | Identified the cursed +1 broad axe of the Gloaming {freeze,
                  | Dex+3}
  1963 | D        | Found the cursed +6 arbalest "Damnation" {hellfire, *Curse}
  1963 | D        | Reached skill level 21 in Armour
  1966 | D        | Found a transporter.
  1972 | D        | Reached skill level 22 in Armour
  2018 | D        | Got the +2 leather armour of Ennui {rF+ Int+2 Dex+4}
  2055 | D        | Entered arena 21.
  2058 | D        | Identified the amulet "Xeberph" {Acrobat Int-4 Dex+3}
  2059 | D        | Noticed a greater mummy
  2061 | D        | Noticed a greater mummy
  2062 | D        | Reached XP level 16. HP: 120/120 MP: 30/30
  2063 | D        | Identified the cursed +1 robe of Duclu {+Inv rPois Str+2
                  | Int-4}
  2071 | D        | Killed a greater mummy
  2073 | D        | HP: 2/121 [reaper/+0 scythe of pain[a mummy priest's death
                  | curse] (8)]
  2073 | D        | Slain by a reaper

Skill      XL: |  1  2  3  4  5  6  7  8  9 10 11 12 13 14 15 16 |
---------------+-------------------------------------------------+-----
Fighting       | 4 5 6 7 8 9 10 12 13 14 16 18 20 21 | 21.4
Maces & Flails | 3 4 5 6 7 8 9 11 12 13 14 | 14.0
Armour         | 4 5 6 7 8 9 10 12 15 16 18 20 22 | 22.6
Dodging        | 2 3 5 6 7 9 10 11 13 14 16 17 | 17.1
Shields        | 4 5 6 7 8 9 10 12 13 14 16 18 20 21 | 21.4
Invocations    | 3 5 7 9 10 11 13 14 16 18 20 21 | 21.2

Action                   |  1- 3 |  4- 6 |  7- 9 | 10-12 | 13-15 | 16-18 || total
-------------------------+-------+-------+-------+-------+-------+-------++-------
Melee: Shillelagh        |     2 |     7 |    26 |    81 |       |       ||   116
       Morningstar       |       |       |       |       |    59 |     8 ||    67
Invok: Disaster Area     |       |       |       |     7 |    13 |     3 ||    23
Evoke: Wand              |       |     2 |       |       |       |       ||     2
  Use: Potion            |     1 |       |     1 |     1 |     2 |       ||     5
       Scroll            |       |       |       |       |     4 |       ||     4
  Eat: Chunk             |       |       |       |     1 |     1 |       ||     2
       Ration            |       |       |       |       |     1 |       ||     1
Armor: Crystal plate arm |     1 |     8 |     9 |    42 |    43 |       ||   103
Dodge: Dodged            |       |     1 |     3 |    25 |    33 |     6 ||    68
       Deflected         |       |       |       |     1 |     8 |       ||     9
Block: Large shield      |     1 |     9 |    25 |   142 |   111 |       ||   288
       Buckler           |       |       |       |       |     7 |     9 ||    16
       Reflection        |       |       |       |       |     3 |       ||     3
